 Dungeon Crawl Stone Soup version 0.31-a0-672-g7da72447bb (webtiles) character file.

Game seed: 1941877218169121015

5008 pokeman the Thaumaturge (level 10, -2/56 HPs)
             Began as a Deep Elf Hedge Wizard on Sept 4, 2023.
             Was a Follower of Vehumet.
             Killed by the air
             ... invoked by Gastronok
              (30 damage)
             ... on level 8 of the Dungeon.
             The game lasted 00:25:13 (8412 turns).

pokeman the Thaumaturge (Deep Elf Hedge Wizard)     Turns: 8412, Time: 00:25:13

Health: -2/56      AC: 10    Str:  7    XL:     10   Next: 29%
Magic:  22/30      EV: 18    Int: 24    God:    Vehumet [*.....]
Gold:   24         SH:  0    Dex: 14    Spells: 27/37 levels left

rFire   . . .        l - +5 Force Lance {heavy, knockback}
rCold   . . .        (no shield)
rNeg    . . .        I - +0 steam dragon scales
rPois   .            B - +0 helmet
rElec   .            O - +0 cloak
rCorr   .            (no gloves)
SInv    .            G - +1 pair of boots
Will    +....        (no amulet)
Stlth   +++          v - ring of flight
HPRegen 0.29/turn    K - +5 ring of evasion
MPRegen 0.22/turn

%: no passive effects
@: flying
A: no striking features
a: Renounce Religion


You were on level 8 of the Dungeon.
You worshipped Vehumet.
Vehumet was aware of your devotion.
You visited 2 branches of the dungeon, and saw 10 of its levels.

You collected 336 gold pieces.
You spent 312 gold pieces at shops.

Inventory:

Hand Weapons
 j - a +2 short sword of electrocution
 l - the +5 Force Lance (weapon) {heavy, knockback}
   (You found it on level 2 of the Dungeon)
 N - a +0 quick blade
Missiles
 r - 3 throwing nets
 C - 3 curare-tipped darts
Armour
 n - the +0 leather armour of Ahubb {rF++ Int-5}
   (You found it on level 2 of the Dungeon)

   Int-5:     It affects your intelligence (-5).
   rF++:      It greatly protects you from fire.
 y - a +2 ring mail of fire resistance
 B - a +0 helmet (worn)
 G - a +1 pair of boots (worn)
 I - +0 steam dragon scales (worn)
 M - an orb of mayhem
 O - a +0 cloak (worn)
Jewellery
 v - a ring of flight (left hand)
 z - an amulet of guardian spirit
 K - a +5 ring of evasion (right hand)
Wands
 p - a wand of mindburst (21)
 A - a wand of digging (6)
 E - a wand of flame (13)
Scrolls
 b - 4 scrolls of amnesia {unknown}
 c - 3 scrolls of identify {unknown}
 f - 3 scrolls of blinking {unknown}
 h - 4 scrolls of teleportation {unknown}
 m - 2 scrolls of revelation {unknown}
 o - 3 scrolls of enchant weapon {unknown}
 s - 3 scrolls of vulnerability {unknown}
 t - 2 scrolls of immolation {unknown}
 u - 2 scrolls of summoning {unknown}
 w - a scroll of noise {unknown}
 H - a scroll of fear {unknown}
 J - a scroll of acquirement {unknown}
 P - a scroll of brand weapon {unknown}
Potions
 a - 2 potions of might {unknown}
 d - 2 potions of magic
 e - 2 potions of resistance {unknown}
 g - 2 potions of lignification {unknown}
 i - a potion of brilliance {unknown}
 k - a potion of ambrosia {unknown}
 q - 2 potions of attraction {unknown}
 x - 4 potions of mutation {unknown}
 D - 6 potions of curing
 F - 5 potions of heal wounds
 L - a potion of haste {unknown}


   Skills:
 + Level 4.0 Fighting
 - Level 4.0 Armour
 - Level 3.0 Dodging
 - Level 4.1 Stealth
 * Level 14.2 Spellcasting
 + Level 8.2 Conjurations
 - Level 1.1 Summonings
 - Level 1.1 Translocations
 - Level 1.1 Air Magic
 - Level 1.2 Poison Magic
 - Level 1.1 Evocations


You had 27 spell levels left.
You knew the following spells:

 Your Spells              Type           Power      Damage    Failure   Level
a - Magic Dart            Conj           100%       1d8       1%          1
b - Mephitic Cloud        Conj/Pois/Air  34%        N/A       2%          3
c - Call Imp              Summ           44%        N/A       3%          2
d - Blink                 Tloc           44%        N/A       3%          2
e - Poisonous Vapours     Pois/Air       44%        N/A       3%          2

Your spell library contained the following spells:

 Spells                   Type           Power      Damage    Failure   Level
 Kiss of Death            Conj/Necr      100%       2d13      1%          1
 Freeze                   Ice            68%        1d8       3%          1
 Necrotise                Necr           68%        1d7       3%          1
 Slow                     Hex            68%        N/A       3%          1
 Cigotuvi's Dreadful Rot  Necr/Pois/Air  40%        N/A       3%          2
 Summon Ice Beast         Ice/Summ       19%        N/A       26%         4
 Summon Mana Viper        Hex/Summ       19%        N/A       58%         5
 Monstrous Menagerie      Summ           11%        N/A       100%        7


Dungeon Overview and Level Annotations

Branches:
Dungeon (9/15)             Temple (1/1) D:5
   Lair: D:8-11         Orc: D:9-12

Altars:
Ashenzari
Cheibriados
Elyvilon
Fedhas
Kikubaaqudgha
Nemelex Xobeh
Okawaru
Qazlal
Sif Muna
Trog
Uskayaw
Vehumet
Xom
Yredelemnul
Zin
The Shining One

Shops:
D:2 :!(((   D:6 !   D:8 *

Annotations:
D:8 Gastronok


Message History

Aim: Gastronok, wearing a +0 hat of willpower (lightly wounded, extremely poisoned) Poisonous vapours surround Gastronok!
Gastronok looks as sick as possible!
Gastronok waves his eye-stalks in wide circles.
The air twists around and strikes you!!
Ouch! That really hurt!
There is an open door here.
You start resting.
Gastronok is nearby!
Casting: Poisonous Vapours (safe; 3% risk of failure)
Confirm with . or Enter, or press ? or * to list all spells.
Aiming: Poisonous Vapours (safe; 3% risk of failure)
Press: ? - help, Dir - move target, f/p - Gastronok
Aim: Gastronok, wearing a +0 hat of willpower (moderately wounded, very poisoned) Poisonous vapours surround Gastronok!
Gastronok looks as sick as possible!
Aiming: Mindburst
Press: ? - help, Shift-Dir - straight line, f/p - Gastronok
Aim: Gastronok, wearing a +0 hat of willpower (moderately wounded, extremely poisoned, chance to affect: 2%)
Okay, then.
Unknown command.
Aiming: Throw Flame
Press: ? - help, Shift-Dir - straight line, f/p - Gastronok
Aim: Gastronok, wearing a +0 hat of willpower (moderately wounded, extremely poisoned, 100% to hit)
The puff of flame hits Gastronok!
Gastronok is moderately wounded.
Casting: Poisonous Vapours (safe; 3% risk of failure)
Confirm with . or Enter, or press ? or * to list all spells.
Aiming: Poisonous Vapours (safe; 3% risk of failure)
Press: ? - help, Dir - move target, f/p - Gastronok
Aim: Gastronok, wearing a +0 hat of willpower (moderately wounded, extremely poisoned) Poisonous vapours surround Gastronok!
Gastronok looks as sick as possible!
Aiming: Throw Flame
Press: ? - help, Shift-Dir - straight line, f/p - Gastronok
Aim: Gastronok, wearing a +0 hat of willpower (moderately wounded, extremely poisoned, 100% to hit)
The puff of flame hits Gastronok.
Gastronok is moderately wounded.
Gastronok waves his eye-stalks in wide circles.
The air twists around and strikes you!!
Ouch! That really hurt!
You die...
Gastronok gurgles, "Time to dig in!"

.#.#'#...#'#.#...#..#..........#
##...#####...##..#..#.#.####.###
'......#......'..............#
#......#......##.........###.#
.......#.......#.........##..#
....w..'.......#.............#
[......#.......#.....###...#.#
#......#.w....##.............#
'......#......'.@........(...###
##.%.#####...##.......##...###.#
.#.#'#...#'#.##..#....##∩..#A#.#
####.......#####...........###.#
.#...........#.#+#.......†.....#
.##.........##[..###.#..†..†##.#
..'.........'......#......).##.#
..##(......##......#>..........#
...#.......#.......#..###.#.##.#


You could see Gastronok (extremely poisoned).

Vanquished Creatures
  A two-headed ogre (D:8)
  Joseph (D:8)
  Jeremiah (D:8)
  Psyche (D:8)
  A hornet (D:8)
  Grum (D:8)
  A steam dragon (D:7)
  Menkaure (D:6)
  A sky beast (D:7)
  An orc warrior (D:9)
  An ice beast (D:6)
  3 black bears (D:4)
  3 wolves (D:8)
  3 centaurs
  2 ogres
  A phantom (D:6)
  Blork the orc (D:6)
  5 scorpions
  7 wights (D:7)
  6 killer bees (D:8)
  An electric eel (D:9)
  3 orc priests
  2 hounds (D:7)
  2 sleepcaps
  A jelly (D:4)
  5 iguanas
  2 orc wizards
  3 adders
  10 gnolls
  A shadow imp (D:7)
  3 white imps
  A worm (D:4)
  3 dart slugs
  16 orcs
  7 ball pythons
  3 bats
  7 endoplasms
  A giant cockroach (D:4)
  7 goblins
  4 hobgoblins
  2 jackals (D:2)
  7 kobolds
  6 quokkas
  6 frilled lizards
  6 rats
151 creatures vanquished.

Vanquished Creatures (collateral kills)
  A wight (D:7)
1 creature vanquished.

Vanquished Creatures (others)
  An electric eel (D:9)
1 creature vanquished.

Grand Total: 153 creatures vanquished

Notes
Turn   | Place    | Note
-------+----------+-------------------------------------------
     0 | D:1      | pokeman the Deep Elf Hedge Wizard began the quest for the
                  | Orb.
     0 | D:1      | Reached XP level 1. HP: 10/10 MP: 7/7
   565 | D:1      | Reached XP level 2. HP: 16/16 MP: 5/9
   937 | D:1      | Reached skill level 5 in Spellcasting
   998 | D:1      | You fall into a shaft and drop 1 floor!
  1002 | D:2      | Found Qasattus's Antique Weapon Emporium.
  1461 | D:2      | Found the +5 Force Lance {heavy, knockback}
  1474 | D:2      | Reached XP level 3. HP: 20/20 MP: 7/11
  1581 | D:2      | Identified the +0 leather armour of Ahubb {rF++ Int-5}
  1744 | D:2      | Found Meleonots's Weapon Emporium.
  1982 | D:2      | Found Xued's Book Shop.
  2010 | D:2      | Found Umoi's Distillery.
  2031 | D:2      | Reached skill level 1 in Fighting
  2131 | D:2      | Found Neam's Weapon Boutique.
  2386 | D:3      | Reached skill level 1 in Armour
  2393 | D:3      | Learned a level 3 spell: Mephitic Cloud
  2396 | D:3      | Learned a level 2 spell: Blink
  2399 | D:3      | Learned a level 2 spell: Call Imp
  2473 | D:3      | Reached XP level 4. HP: 25/25 MP: 7/13
  2521 | D:3      | Found a faded altar of an unknown god.
  3190 | D:3      | Reached skill level 6 in Spellcasting
  3196 | D:3      | Reached XP level 5. HP: 29/29 MP: 4/15
  3316 | D:4      | Found a bloodstained altar of Trog.
  3316 | D:4      | Noticed a black bear
  3316 | D:4      | Noticed a black bear
  3327 | D:4      | Killed a black bear
  3328 | D:4      | Reached skill level 1 in Evocations
  3329 | D:4      | Killed a black bear
  3330 | D:4      | Reached XP level 6. HP: 32/34 MP: 6/17
  3552 | D:4      | Reached skill level 7 in Spellcasting
  3552 | D:4      | Reached skill level 1 in Air Magic
  3828 | D:4      | Reached skill level 1 in Poison Magic
  3828 | D:4      | Reached XP level 7. HP: 38/38 MP: 10/20
  3931 | D:4      | Reached skill level 8 in Spellcasting
  4272 | D:5      | Entered Level 5 of the Dungeon
  4392 | D:5      | Found a staircase to the Ecumenical Temple.
  4404 | Temple   | Entered the Ecumenical Temple
  4434 | Temple   | Became a worshipper of Vehumet
  5170 | D:6      | Noticed Menkaure
  5176 | D:6      | Killed Menkaure
  5177 | D:6      | Reached skill level 9 in Spellcasting
  5177 | D:6      | Reached XP level 8. HP: 25/44 MP: 18/23
  5271 | D:6      | Found an iron altar of Okawaru.
  5321 | D:6      | Noticed Blork the orc
  5340 | D:6      | Killed Blork the orc
  5341 | D:6      | Reached skill level 5 in Conjurations
  5555 | D:6      | Reached skill level 10 in Spellcasting
  5624 | D:6      | Found Onushror's Distillery.
  5632 | D:6      | Bought a potion of curing for 36 gold pieces
  5632 | D:6      | Bought a potion of curing for 36 gold pieces
  5886 | D:7      | Reached * piety under Vehumet
  5886 | D:7      | Offered knowledge of Shock by Vehumet.
  5898 | D:7      | Reached skill level 11 in Spellcasting
  5928 | D:7      | Reached XP level 9. HP: 14/48 MP: 3/26
  6409 | D:7      | Got An Introduction to Mysticism
  6655 | D:7      | Found a glowing golden altar of the Shining One.
  6721 | D:8      | Noticed an angel
  6735 | D:8      | Noticed Gastronok
  6896 | D:8      | Reached skill level 12 in Spellcasting
  6903 | D:8      | Noticed Joseph
  6921 | D:8      | Killed Joseph
  6964 | D:8      | Noticed Jeremiah
  6984 | D:8      | Killed Jeremiah
  7067 | D:8      | Found Gedgh's Hallowed Reliquary.
  7072 | D:8      | Bought a potion of heal wounds for 75 gold pieces
  7072 | D:8      | Bought a potion of curing for 45 gold pieces
  7072 | D:8      | Bought a potion of curing for 45 gold pieces
  7072 | D:8      | Bought a potion of heal wounds for 75 gold pieces
  7195 | D:8      | Reached skill level 13 in Spellcasting
  7214 | D:8      | Noticed Grum
  7226 | D:8      | Killed Grum
  7271 | D:8      | Noticed Psyche
  7284 | D:8      | Killed Psyche
  7285 | D:8      | Reached XP level 10. HP: 56/56 MP: 25/29
  7714 | D:9      | Noticed a gargoyle
  8022 | D:9      | Noticed a two-headed ogre
  8039 | D:8      | Killed a two-headed ogre
  8040 | D:8      | Reached skill level 14 in Spellcasting
  8127 | D:8      | Offered knowledge of Poisonous Vapours by Vehumet.
  8132 | D:8      | Learned a level 2 spell: Poisonous Vapours
  8412 | D:8      | Killed from afar by Gastronok

Illustrated notes

Levels and vault maps discovered:
D:1:      nagdon_arrival_zigzag_paths, layout_loops_ring, minmay_distorted
D:2:      layout_loops_ring, serial_shops, nicolae_shop_hallway_stairs, shop,
          shop, nicolae_shop_tiny_statue_garden, nicolae_shop_hallway_stairs,
          serial_forest, infiniplex_forest_clump_long,
          infiniplex_forest_clump_tiny, infiniplex_forest_clump_small,
          infiniplex_forest_straight_1, infiniplex_forest_lined_3_way,
          infiniplex_forest_clump_double, infiniplex_forest_clump_small,
          infiniplex_forest_lined_2, infiniplex_forest_lined_room_
D:3:      layout_loops_cross, ebering_ecumenical_altar_petrified,
          minmay_liquid_box, nicolae_underground_beach
D:4:      layout_loops_cross, trog_ov_bears_minmay
D:5:      layout_cave_pools, temple_fountains, moated_statue
D:6:      layout_rooms, okawaru_metal_pillars_1_2, serial_shops,
          nicolae_square_shop, uniq_blork_the_orc, uniq_menkaure
D:7:      layout_rooms, old_standard_altar, serial_corexii_hall,
          corexii_hall_statues_i, chequers_hall_statues_wall_a,
          chequers_hall_statues_wall_a
D:8:      nicolae_cairo_tiling_very_big, layout_basic, kennysheep_another_room,
          nicolae_good_shop, uniq_joseph, uniq_jeremiah, uniq_psyche,
          uniq_gastronok, uniq_grum
D:9:      cheibrodos_statue_roulette, layout_irregular_city,
          minmay_overflow_temple_star_hex, erik_orc_2
Temple:   nicolae_temple_figure_eight

Skill      XL: |  1  2  3  4  5  6  7  8  9 10 |
---------------+-------------------------------+-----
Spellcasting   | 5 6 7 9 11 13 14 | 14.2
Fighting       | 1 2 3 4 |  4.0
Armour         | 1 3 4 |  4.0
Conjurations   | 2 3 4 6 7 8 |  8.2
Dodging        | 3 |  3.0
Stealth        | 3 4 |  4.1
Evocations     | 1 |  1.1
Air Magic      | 1 |  1.1
Poison Magic   | 1 |  1.2
Summonings     | |  1.1
Translocations | |  1.1

Action                     |  1- 3 |  4- 6 |  7- 9 | 10-12 || total
---------------------------+-------+-------+-------+-------++-------
  Melee: Dagger            |     6 |       |       |       ||     6
         Punch             |     1 |       |       |       ||     1
         Lance             |     8 |    21 |   144 |    25 ||   198
   Cast: Magic Dart        |   107 |    34 |   152 |    13 ||   306
         Mephitic Cloud    |       |     9 |    37 |    17 ||    63
         Blink             |       |       |     9 |     4 ||    13
         Call Imp          |       |       |    11 |     2 ||    13
         Poisonous Vapours |       |       |       |     6 ||     6
  Evoke: Wand              |       |       |       |     2 ||     2
   Stab: Confused          |       |     2 |    16 |     2 ||    20
         Distracted        |       |       |     3 |       ||     3
 Armour: Robe              |    15 |     7 |    57 |       ||    79
         Steam dragon scal |       |       |    23 |    19 ||    42
  Dodge: Dodged            |    19 |    10 |   110 |    54 ||   193

Table legend: (Time is in decaauts)
 A = Elapsed time spent in this place.
 B = Non-inter-level travel time spent in this place.
 C = Inter-level travel time spent in this place.
 D = Time resting spent in this place.
 E = Time spent auto-exploring this place.
 F = Levels seen in this place.
 G = Mean time per level.
                   A        B        C        D        E       F      G
               +--------+--------+--------+--------+--------+-----+--------+
         Total |   8552 |   8046 |    506 |    488 |   5978 |  10 |  855.2 |
       Dungeon |   8493 |   8043 |    450 |    488 |   5978 |   9 |  943.7 |
        Temple |     58 |      2 |     56 |      0 |      0 |   1 |   58.0 |
               +--------+--------+--------+--------+--------+-----+--------+

Top non-repeatable levels by time:
     D:8: 1539 daAuts
     D:1: 1268 daAuts
     D:2: 1100 daAuts
     D:4: 1039 daAuts
     D:3: 943 daAuts
     D:7: 887 daAuts
     D:5: 862 daAuts
     D:6: 714 daAuts
     D:9: 138 daAuts
  Temple: 58 daAuts
